 Dungeon Crawl Stone Soup version 0.17.2-1-ge4368a0 (webtiles) character file.

12021 Goblin1989 the Basher (level 11, -13/54 HPs)
             Began as a Vine Stalker Fighter on Oct 18, 2016.
             Was a High Priest of Makhleb.
             Mangled by a komodo dragon (20 damage)
             ... on level 1 of the Lair of Beasts on Oct 19, 2016.
             The game lasted 00:36:41 (8479 turns).

Goblin1989 the Basher (Vine Stalker Fighter)        Turns: 8479, Time: 00:36:42

Health: -13/54     AC: 15    Str: 22    XL:     11   Next: 86%
Magic:  0/3        EV:  7    Int: 11    God:    Makhleb [*****.]
Gold:   202        SH:  0    Dex: 18    Spells: 0 memorised, 10 levels left

rFire  + + .     SeeInvis +     S - +8 great mace of the Lurker {venom, rF+ MP-9 Int+3 Dex+4}
rCold  + . .     Clarity  .     m - +0 plate armour
rNeg   . . .     SustAt   .     (shield currently unavailable)
rPois  +         Gourm    .     (helmet restricted)
rElec  .         Spirit   +     (no cloak)
rCorr  .         Warding  .     y - +0 pair of gloves
rMut   .         Stasis   .     h - +0 pair of boots (curse)
MR     +....                    (no amulet)
Stlth  ..........               c - ring of protection from cold
                                f - ring of protection from fire

@: lethally poisoned (-13 -> -17), somewhat resistant to hostile enchantments,
extremely unstealthy
A: antennae 1, fangs 3, see invisible, frail 1, poison resistance, regeneration
2, screaming 1, magic shield, antimagic bite, no device heal 3, rot immunity
a: Minor Destruction, Lesser Servant of Makhleb, Major Destruction, Greater
Servant of Makhleb, Renounce Religion


You were on level 1 of the Lair of Beasts.
You worshipped Makhleb.
Makhleb was extremely pleased with you.
You were hungry.

You visited 3 branches of the dungeon, and saw 13 of its levels.

You collected 581 gold pieces.
You spent 379 gold pieces at shops.

Inventory:

Hand Weapons
 S - the +8 great mace of the Lurker (weapon) {venom, rF+ MP-9 Int+3 Dex+4}
   (You bought it in a shop on level 11 of the Dungeon)

   It poisons the flesh of those it strikes.
   It affects your intelligence (+3).
   It affects your dexterity (+4).
   It protects you from fire.
   It affects your magic capacity (-9).
Missiles
 M - 8 needles of paralysis
Armour
 h - a cursed +0 pair of boots (worn)
 m - a +0 plate armour (worn)
 y - a +0 pair of gloves (worn)
Jewellery
 c - a ring of protection from cold (right hand)
 f - a ring of protection from fire (left hand)
 o - an uncursed ring of poison resistance
 s - an uncursed ring of protection from cold
Wands
 x - a wand of cold (5)
 C - a wand of confusion (20)
 G - a wand of slowing (34)
 Q - a wand of polymorph (11)
Scrolls
 b - a scroll of torment {unknown}
 g - 3 scrolls of recharging {unknown}
 j - 9 scrolls of remove curse {unknown}
 l - a scroll of immolation {unknown}
 n - 2 scrolls of enchant weapon {unknown}
 q - 3 scrolls of teleportation {unknown}
 t - a scroll of silence {unknown}
 u - 6 scrolls of fear {unknown}
 v - 3 scrolls of magic mapping {unknown}
 w - 3 scrolls of enchant armour {unknown}
 I - a scroll of noise {unknown}
 J - a scroll of fog {unknown}
 L - 2 scrolls of amnesia {unknown}
 P - a scroll of acquirement {unknown}
 R - 5 scrolls of identify {@r1}
Potions
 a - a potion of flight {unknown}
 d - a potion of might
 i - a potion of cure mutation
 k - 4 potions of curing {@q1}
 p - 2 potions of degeneration {!q}
 z - a potion of brilliance
 A - 4 potions of lignification {!q}
 B - a potion of ambrosia {!q}
 F - a potion of mutation {!q}
 H - 2 potions of haste {!q, @q3}
 K - a potion of resistance
 N - a potion of heal wounds {unknown}
 O - a potion of poison
Comestibles
 e - 11 bread rations {@e1}
 r - 8 fruits
 D - 2 meat rations {@e2}
 E - 2 beef jerkies


   Skills:
 + Level 8.3 Fighting
 * Level 11.1 Maces & Flails
 + Level 7.3 Armour
 + Level 1.4 Dodging
   Level 7.7 Shields


You had 10 spell levels left.
You didn't know any spells.

Dungeon Overview and Level Annotations

Branches:
Dungeon (11/15)            Temple (1/1) D:4            Lair (1/8) D:9
    Orc: D:9-12

Altars:
Ashenzari
Cheibriados
Dithmenos
Elyvilon
Fedhas
Gozag
Kikubaaqudgha
Makhleb
Nemelex Xobeh
Okawaru
Qazlal
Ru
Sif Muna
Trog
Vehumet
Xom
Yredelemnul
Zin
The Shining One

Shops:
D:9 :   D:11 (


Innate Abilities, Weirdness & Mutations

You have razor-sharp teeth.
You heal very quickly.
When hurt, damage is shared between your health and your magic reserves.
Your bite disrupts and absorbs the magic of your enemies.
Potions and wands cannot restore your health.
You are immune to rotting.
You have a pair of small antennae on your head.
You have supernaturally acute eyesight.
You are frail (-10% HP).
Your system is resistant to poisons.
You occasionally shout uncontrollably at your foes.


Message History

You regained 4 hp, and now have 14/54 hp.
You bludgeon the hippogriff!! You bite the hippogriff! You drain its power.
You feel invigorated.
The hippogriff is almost dead.
You feel sick. The hippogriff closely misses you.
The hippogriff pecks you but does no damage.
The hippogriff claws you but does no damage.
MP restored: 3 You bludgeon the hippogriff!!
You kill the hippogriff!
Makhleb accepts your kill.
You feel better.
You feel sick. The komodo dragon bites you!
* * * LOW HITPOINT WARNING * * *
You take 6 damage, and have 8/54 hp.
You now have 1/3 mp.
Unknown command.
You bludgeon the komodo dragon!!
You bite the komodo dragon, but do no damage.
The komodo dragon is heavily wounded.
You feel sick. The komodo dragon bites you!!
You die...

▲..P......█ █.......
..█........███.......
█.██.....█....♣.... .
█........█..........
..
█.......██.......██
..
█████████..♣..███.█.█
█............█
...............▲
>..▲.♣.♣.♣.@♣...█
...█......l........
♣. █.....$.........
██..♣....██████.
█........ █.█.......
. ██...♣.. .... ..


You could see a komodo dragon.

Vanquished Creatures
  An unseen horror (D:10)
  An oklob plant (Lair:1)
  2 hill giants
  2 ugly things (D:11)
  A cyclops (D:10)
  2 centaur zombies (D:11)
  A spiny frog (Lair:1)
  2 trolls (D:10)
  A two-headed ogre (D:10)
  A spriggan (D:10)
  11 yaks
  A basilisk (D:11)
  A wraith (D:10)
  A hungry ghost (D:11)
  Grum (D:8)
  2 wolves (D:8)
  A deep elf mage (D:10)
  3 hippogriffs
  A soldier ant (D:10)
  Menkaure (D:7)
  A mottled dragon (D:11)
  A porcupine (Lair:1)
  Duvessa (D:5)
  3 black bears
  3 orc warriors
  A phantom (D:11)
  2 centaurs
  A sky beast (D:7)
  4 ogres
  2 crocodiles
  7 giant frogs
  A big kobold (D:8)
  A gnoll sergeant (D:10)
  4 scorpions
  A wyvern skeleton (D:11)
  Dowan (D:5)
  A water moccasin skeleton (D:4)
  3 wights (D:11)
  2 electric eels (D:11)
  4 crimson imps
  5 hounds
  4 giant frog skeletons
  A giant frog zombie (D:9)
  2 jellies
  4 orc priests
  A gnoll shaman (D:9)
  A centaur skeleton (D:8)
  3 iguanas
  10 orc wizards
  10 worker ants
  A hound zombie (D:11)
  2 worker ant zombies
  12 adders
  9 gnolls
  7 river rats (Lair:1)
  2 shadow imps
  An ooze (D:5)
  2 adder skeletons
  5 worms
  3 giant geckos
  41 orcs
  11 goblins
  12 hobgoblins
  15 jackals
  2 quokkas
  4 ball pythons
  12 bats
  5 giant newts
  10 kobolds
  2 quokka skeletons
  11 rats
291 creatures vanquished.

Vanquished Creatures (others)
  A fungus (Lair:1)
1 creature vanquished.

Grand Total: 292 creatures vanquished

Notes
Turn   | Place    | Note
--------------------------------------------------------------
     0 | D:1      | Goblin1989 the Vine Stalker Fighter began the quest for the Orb.
     0 | D:1      | Reached XP level 1. HP: 11/11 MP: 2/2
    88 | D:1      | Reached XP level 2. HP: 8/16 MP: 1/3
   401 | D:1      | Reached XP level 3. HP: 15/19 MP: 2/4
   421 | D:1      | Reached skill level 3 in Maces & Flails
  1161 | D:2      | Reached XP level 4. HP: 23/23 MP: 5/5
  1439 | D:3      | Reached XP level 5. HP: 10/28 MP: 2/6
  1938 | D:3      | Reached skill level 4 in Maces & Flails
  2050 | D:3      | Gained mutation: You heal very quickly. [Vine Stalker growth]
  2050 | D:3      | Reached XP level 6. HP: 32/32 MP: 7/7
  2316 | D:3      | Found a shattered altar of Ashenzari.
  2593 | D:4      | Reached XP level 7. HP: 31/37 MP: 6/8
  2766 | D:4      | Reached skill level 5 in Maces & Flails
  2780 | D:4      | Found a staircase to the Ecumenical Temple.
  2786 | Temple   | Entered the Ecumenical Temple
  2986 | D:4      | Found a sparkling altar of Nemelex Xobeh.
  3176 | D:5      | Entered Level 5 of the Dungeon
  3224 | D:5      | Goblin1989: !lg ololoev spen place=zot:5 -log
  3224 | D:5      | beem: 2. ololoev, XL18 SpEn, T:41921: http://crawl.xtahua.com/crawl/morgue/ololoev/morgue-ololoev-20161018-104636.txt
  3224 | D:5      | Goblin1989: !lg ololoev spen
  3224 | D:5      | beem: 39. ololoev the Imperceptible (L18 SpEn of Ashenzari), blasted by an orb of fire (fireball) on Zot:5 (hall_of_Zot) on 2016-10-18 10:46:36, with 251489 points after 41921 turns and 4:07:03.
  3224 | D:5      | Goblin1989: !lg ololoev spen -log
  3224 | D:5      | beem: 39. ololoev, XL18 SpEn, T:41921: http://crawl.xtahua.com/crawl/morgue/ololoev/morgue-ololoev-20161018-104636.txt
  3242 | D:5      | Noticed Dowan
  3244 | D:5      | Noticed Duvessa
  3315 | D:5      | Found a burning altar of Makhleb.
  3359 | D:5      | Became a worshipper of Makhleb the Destroyer
  3412 | D:5      | Found an opulent altar of Gozag.
  3440 | D:5      | Killed Dowan
  3461 | D:5      | Killed Duvessa
  3461 | D:5      | Gained mutation: You have razor-sharp teeth. [Vine Stalker growth]
  3461 | D:5      | Reached XP level 8. HP: 6/42 MP: 3/9
  3590 | D:5      | Reached * piety under Makhleb
  3656 | D:5      | Reached skill level 6 in Maces & Flails
  3743 | D:5      | Found a shimmering altar of Xom.
  3744 | D:5      | Found an ancient bone altar of Kikubaaqudgha.
  4242 | D:6      | Reached skill level 5 in Fighting
  4249 | D:6      | Reached skill level 7 in Maces & Flails
  4249 | D:6      | Reached skill level 5 in Shields
  4249 | D:6      | Reached XP level 9. HP: 25/47 MP: 10/10
  4258 | D:6      | Reached skill level 5 in Armour
  4498 | D:6      | Reached ** piety under Makhleb
  4923 | D:7      | Gained mutation: You have a pair of small antennae on your head. [mutagenic meat]
  4924 | D:7      | Gained mutation: You have supernaturally acute eyesight. [mutagenic meat]
  4925 | D:7      | Gained mutation: Your system is resistant to poisons. [mutagenic meat]
  4926 | D:7      | Gained mutation: You occasionally shout uncontrollably at your foes. [mutagenic meat]
  4927 | D:7      | Gained mutation: You are frail (-10% HP). [mutagenic meat]
  4942 | D:7      | Noticed Menkaure
  4949 | D:7      | Killed Menkaure
  5449 | D:7      | Reached skill level 8 in Maces & Flails
  5518 | D:8      | Noticed Grum
  5540 | D:8      | Killed Grum
  5864 | D:8      | Reached XP level 10. HP: 47/47 MP: 11/11
  5949 | D:8      | Reached *** piety under Makhleb
  6265 | D:8      | Found a deep blue altar of Sif Muna.
  6265 | D:8      | Found an iron altar of Okawaru.
  6386 | D:9      | Found Oqoizeqo's Book Emporium.
  6486 | D:9      | Reached skill level 9 in Maces & Flails
  6542 | D:9      | Noticed a hill giant
  6558 | D:9      | Killed a hill giant
  6786 | D:9      | Found a staircase to the Lair.
  7015 | D:10     | Entered Level 10 of the Dungeon
  7015 | D:10     | Noticed a hill giant
  7026 | D:10     | Killed a hill giant
  7209 | D:10     | Noticed an unseen horror
  7217 | D:10     | Killed an unseen horror
  7297 | D:10     | Reached **** piety under Makhleb
  7315 | D:10     | Reached skill level 10 in Maces & Flails
  7315 | D:10     | Reached XP level 11. HP: 52/52 MP: 12/12
  7361 | D:10     | Noticed a cyclops
  7370 | D:10     | Killed a cyclops
  7786 | D:11     | Found Cetadea's Antique Weapon Boutique.
  8035 | D:11     | Bought a transparent great mace for 379 gold pieces
  8035 | D:11     | Identified the +8 great mace of the Lurker {venom, rF+ MP-9 Int+3 Dex+4} (You bought it in a shop on level 11 of the Dungeon)
  8094 | D:11     | Reached ***** piety under Makhleb
  8145 | D:11     | Found a basalt altar of Yredelemnul.
  8416 | Lair:1   | Entered Level 1 of the Lair of Beasts
  8416 | Lair:1   | Found an ancient bone altar of Kikubaaqudgha.
  8431 | Lair:1   | Reached skill level 1 in Dodging
  8475 | Lair:1   | HP: 1/54 [poisoned by a spiny frog]
  8475 | Lair:1   | Reached skill level 11 in Maces & Flails
  8479 | Lair:1   | Mangled by a komodo dragon

Action                   |  1- 3 |  4- 6 |  7- 9 | 10-12 || total
-------------------------+-------+-------+-------+-------++-------
Melee: Flail             |   137 |   251 |   398 |   384 ||  1170
       Great mace        |       |       |       |    46 ||    46
  Use: Scroll            |       |       |       |    11 ||    11
  Eat: Chunk             |     1 |     5 |    13 |    10 ||    29
       Royal jelly       |       |       |     1 |       ||     1
       Pizza             |       |       |     1 |       ||     1

Vault maps used:
D:1:      dpeg_arrival_rooms_a, dk_noncrumbling_4
D:3:      marbit_many_paths, serial_bayou, serial_bayou_lake_a,
          serial_bayou_pond_c, serial_bayou_crossing, serial_bayou_pond_d
D:4:      kennysheep_mini, minmay_temple_entry_fiery
D:5:      lemuel_doored_altar, minitemple, first_bread, basic_altar,
          uniq_duvessa
D:7:      uniq_menkaure
D:8:      gammafunk_temple_overflow_pools, uniq_grum
D:9:      lair_0_dummy, serial_shops, shop_fountains
D:10:     the_bakery, small_chamber_with_monster
D:11:     basic_altar, serial_shops, shop
Temple:   circular_temple_pool_12
Lair:1:   lemuel_oklob_altar, grunt_megastairs_3
